 Dungeon Crawl Stone Soup version 0.27.0-1-g7a089689b8 (webtiles) character file.

Game seed: 13578026132088939900

336 oldmanjim the Caller (level 6, 0/48 HPs)
             Began as a Demigod Summoner on Aug 3, 2021.
             Killed from afar by an orc wizard (6 damage)
             ... with a puff of flame
             ... on level 4 of the Dungeon.
             The game lasted 00:32:38 (5649 turns).

oldmanjim the Caller (Demigod Summoner)             Turns: 5649, Time: 00:32:38

Health: 0/48       AC:  4    Str:  9    XL:     6   Next: 6%
Magic:  3/13       EV: 13    Int: 25    God:
Gold:   126        SH:  0    Dex: 14    Spells: 3/10 levels left

rFire    . . .     SeeInvis .   a - +1 dagger (elec)
rCold    . . .     Faith    .   (no shield)
rNeg     . . .     Spirit   .   c - +0 robe
rPois    .         Reflect  .   y - +1 helmet
rElec    .         Harm     .   (no cloak)
rCorr    .         Rampage  .   (no gloves)
Will     .....                  (no boots)
Stlth    ++........             (no amulet)
HPRegen  0.16/turn              (no ring)
MPRegen  0.13/turn              (no ring)

@: no status effects
A: high mp 1, forlorn
a: no special abilities


You were on level 4 of the Dungeon.
You visited 1 branch of the dungeon, and saw 4 of its levels.

You collected 126 gold pieces.

Inventory:

Hand Weapons
 a - a +1 dagger of electrocution (weapon)
 b - a +0 hunting sling
 v - a +2 dagger of speed
Missiles
 d - 17 bolts
 f - 20 sling bullets
 i - 26 stones
 o - 39 arrows
 t - 5 boomerangs
 u - 6 poisoned darts (quivered)
Armour
 c - a +0 robe (worn)
 y - a +1 helmet (worn)
Magical Staves
 k - a staff of cold
Scrolls
 g - 2 scrolls of vulnerability {unknown}
 h - 3 scrolls of teleportation
 j - a scroll of blinking
 l - a scroll of magic mapping
 m - a scroll of identify
 n - a scroll of noise {unknown}
 w - a scroll of fog {unknown}
 x - 2 scrolls of immolation
Potions
 e - a potion of resistance {unknown}
 p - a potion of brilliance {unknown}
 q - a potion of attraction {unknown}
 r - 4 potions of curing
 s - a potion of ambrosia {unknown}


   Skills:
 - Level 2.0 Fighting
 - Level 4.0 Dodging
 - Level 2.0 Stealth
 + Level 2.7 Spellcasting
 - Level 4.0 Summonings
 + Level 2.3 Air Magic


You had 3 spell levels left.
You knew the following spells:

 Your Spells              Type           Power      Damage    Failure   Level
a - Summon Small Mammal   Summ           92%        N/A       1%          1
b - Call Imp              Summ           23%        N/A       3%          2
c - Summon Lightning Spi  Summ/Air       19%        N/A       28%         4

Your spell library contained the following spells:

 Spells                   Type           Power      Damage    Failure   Level
 Call Canine Familiar     Summ           23%        N/A       6%          3
 Summon Guardian Golem    Hex/Summ       13%        N/A       14%         3
 Gell's Gravitas          Tloc           1%         N/A       30%         3
 Lesser Beckoning         Tloc           1%         N/A       30%         3
 Teleport Other           Tloc           3%         N/A       30%         3


Dungeon Overview and Level Annotations

Branches:
Dungeon (4/15)
 Temple: D:4-7

Annotations:
D:3 Natasha


Innate Abilities, Weirdness & Mutations

Your attributes grow dramatically as you level up.
You have an increased reservoir of magic. (+10% MP)
You shall have no god before yourself.


Message History

The orc warrior barely misses you.
Your crimson imp blinks!
The orc hits you with a +0 dagger.
Your iron imp closely misses the orc warrior.
You hit the orc warrior but do no damage.
The orc warrior is heavily wounded.
Something hits your iron imp.
The orc warrior hits you with a +2 vorpal flail!
The orc hits you but does no damage. Something hits your iron imp.
Your iron imp closely misses the orc warrior.
Items here: $ ) : ?.
Casting: Call Imp (safe; 3% risk of failure)
Confirm with . or Enter, or press ? or * to list all spells.
A beastly little devil appears in a puff of flame.
Your crimson imp says, "I'm here!"
You hear some strange, mumbled words.
Your iron imp resists with significant effort.
Your iron imp hits the orc warrior but does no damage.
The orc warrior hits you with a +2 vorpal flail!
* * * LOW HITPOINT WARNING * * *
x2 The orc closely misses you.
Your iron imp hits the orc warrior.
Your crimson imp misses the orc.
The orc warrior hits your iron imp with a +2 vorpal flail!
Your iron imp dies!
Your crimson imp blinks!
Your crimson imp closely misses something.
The orc warrior hits your crimson imp with a +2 vorpal flail.
The orc warrior hits your crimson imp with a +2 vorpal flail!
Your crimson imp barely misses the orc warrior.
The orc warrior hits your crimson imp with a +2 vorpal flail!
Your crimson imp dies!
Something tries to affect you, but you resist.
Something tries to affect you, but you resist.
The orc warrior hits something with a +2 vorpal flail!
A puff of flame appears from out of thin air!
The puff of flame misses you.
A puff of flame appears from out of thin air!
The puff of flame hits you.
You die...

...#.....#*..**.#.#*,,,,,,,,,,,,,
..##.....#*#.##...#*.#...,,*,,,,,
..#......###.#....##.#....,*,,,,,
§.........#..............###..,,,
§§.......##.............!..#...*,
§§.##.#..#....................**,
§§.......#....................,,,
§≈.##.........).............#*^,.
§≈§####.........@...........#,,..
≈≈...##......)<##....##...###*...
§.§.....##....###.#o...##...#....
#.#§..##.......#..##...{.o.).....
###.o##..##.......###....).).....
*.#..........#...#...####.......
#.#..#.......#.......#,,........
#.,#.#............##..,..#...>..
#..#...#.......####..$...*#.....


You could see an orc.

Vanquished Creatures
  A water moccasin skeleton (D:3)
  2 orc priests (D:4)
  Ijyb (D:4)
  A hound skeleton (D:4)
  Robin (D:2)
  2 adders
  A worm (D:2)
  A dart slug (D:2)
  13 orcs
  3 bats
  6 endoplasms
  4 giant cockroaches
  12 goblins
  5 hobgoblins
  3 quokkas
  3 ball pythons
  6 kobolds
  3 rats
68 creatures vanquished.

Vanquished Creatures (collateral kills)
  An orc priest (D:4)
  2 orc wizards (D:4)
  3 adders (D:2)
  A worm (D:3)
  5 orcs (D:4)
  4 goblins
  2 kobolds
  A quokka (D:4)
19 creatures vanquished.

Grand Total: 87 creatures vanquished

Notes
Turn   | Place    | Note
-------+----------+-------------------------------------------
     0 | D:1      | oldmanjim the Demigod Summoner began the quest for the Orb.
     0 | D:1      | Reached XP level 1. HP: 14/14 MP: 5/5
   658 | D:1      | Reached XP level 2. HP: 13/20 MP: 7/7
   774 | D:1      | Learned a level 2 spell: Call Imp
  1495 | D:2      | Reached XP level 3. HP: 9/27 MP: 4/8
  1733 | D:2      | Reached skill level 1 in Fighting
  1824 | D:2      | Noticed Robin
  1854 | D:2      | Killed Robin
  2654 | D:2      | Reached XP level 4. HP: 35/35 MP: 3/9
  2921 | D:2      | Learned a level 4 spell: Summon Lightning Spire
  3931 | D:3      | Reached skill level 1 in Air Magic
  4102 | D:3      | Noticed Natasha
  4833 | D:4      | Reached XP level 5. HP: 25/41 MP: 4/10
  5611 | D:4      | Noticed Ijyb
  5624 | D:4      | Noticed an orc warrior
  5635 | D:4      | Killed Ijyb
  5636 | D:4      | Reached XP level 6. HP: 38/48 MP: 3/13
  5649 | D:4      | Killed from afar by an orc wizard

Illustrated notes

Levels and vault maps discovered:
D:1:      lemuel_arrival_rhombus, layout_loops_ring
D:2:      layout_basic, hellmonk_ecumenical_altar_crossroads, uniq_robin
D:3:      layout_basic, lemuel_crystal_altar, chequers_serial_rivers_micro_c,
          uniq_natasha
D:4:      gammafunk_cloud_chamber, layout_cave_pools, general_overflow_altar,
          hangedman_decor_peaks_small, uniq_ijyb

Skill      XL: |  1  2  3  4  5 |
---------------+----------------+-----
Stealth        | 2 |  2.0
Dodging        | 2 3 4 |  4.0
Spellcasting   | 2 |  2.7
Summonings     | 4 |  4.0
Fighting       | 1 2 |  2.0
Air Magic      | 1 2 |  2.3

Action                   |  1- 3 |  4- 6 || total
-------------------------+-------+-------++-------
Melee: Dagger            |   108 |   136 ||   244
       Hand axe          |     7 |       ||     7
 Fire: Hunting sling     |     3 |    13 ||    16
Throw: Dart              |       |     7 ||     7
 Cast: Summon Small Mamm |     3 |       ||     3
       Call Imp          |    14 |    28 ||    42
  Use: Scroll            |       |     5 ||     5
 Stab: Sleeping          |     3 |     1 ||     4
       Distracted        |       |     2 ||     2
Armor: Robe              |    17 |    31 ||    48
Dodge: Dodged            |    73 |   109 ||   182
